 Dungeon Crawl Stone Soup version 0.28.0-55-gcd9437bce4 (webtiles) character file.

Game seed: 15966672587216967813

4 Atelerd the Magician (level 1, 0/11 HPs)
             Began as an Octopode Hedge Wizard on Jan 1, 2023.
             Slain by an endoplasm (2 damage)
             ... on level 1 of the Dungeon.
             The game lasted 00:00:12 (153 turns).

Atelerd the Magician (Octopode Hedge Wizard)         Turns: 153, Time: 00:00:13

Health: 0/11       AC:  1    Str:  9    XL:     1   Next: 60%
Magic:  0/4        EV: 13    Int: 16    God:
Gold:   0          SH:  0    Dex: 11    Spells: 5/6 levels left

rFire   . . .      SeeInvis .   a - +0 dagger
rCold   . . .      Faith    .   (no shield)
rNeg    . . .      Spirit   .   b - +0 hat
rPois   .          Reflect  .   (no amulet)
rElec   .          Harm     .   (no ring)
rCorr   .          Rampage  .   (no ring)
Will    .....                   (no ring)
Stlth   +++.......              (no ring)
HPRegen 0.03/turn               (no ring)
MPRegen 0.09/turn               (no ring)
                                (no ring)
                                (no ring)

@: no status effects
A: almost no armour, amphibious, 8 rings, camouflage 1, gelatinous body 1,
(nimble swimmer 1), tentacles
a: no special abilities


You were on level 1 of the Dungeon.
You visited 1 branch of the dungeon, and saw 1 of its levels.

Inventory:

Hand Weapons
 a - a +0 dagger (weapon)
Armour
 b - a +0 hat (worn)
Scrolls
 c - a scroll of enchant armour {unknown}


   Skills:
 - Level 2.0 Dodging
 + Level 2.6 Stealth
 + Level 3.2 Spellcasting
 + Level 1.0 Conjurations
 + Level 1.0 Summonings
 - Level 1.0 Translocations


You had 5 spell levels left.
You knew the following spells:

 Your Spells              Type           Power      Damage    Failure   Level
a - Magic Dart            Conj           20%        1d4       12%         1

Your spell library contained the following spells:

 Spells                   Type           Power      Damage    Failure   Level
 Slow                     Hex            8%         N/A       19%         1
 Blink                    Tloc           10%        N/A       19%         2
 Call Imp                 Summ           5%         N/A       19%         2
 Conjure Flame            Conj/Fire      4%         6-21      41%         3
 Mephitic Cloud           Conj/Pois/Air  3%         N/A       43%         3


Dungeon Overview and Level Annotations

Branches:
Dungeon (1/15)

Altars:


Innate Abilities, Weirdness & Mutations

You cannot wear most types of armour.
You are amphibious.
You can wear up to eight rings at the same time.
Your skin changes colour to match your surroundings (Stealth+).
Your rubbery body absorbs attacks. (AC +1, EV +1)
((You are camouflaged when in or above water. (Stealth+)))
You have tentacles for arms and can constrict up to eight enemies at once.


Message History

No target in view!
Key pressed, stopping explore.
You are too depleted to draw on your mana recklessly!
No target in view!
You are too depleted to draw on your mana recklessly!
A frilled lizard comes into view.
You see here a hobgoblin corpse.
An endoplasm comes into view.
You see here 25 arrows.
There are monsters nearby!
The magic dart hits the frilled lizard.
You kill the frilled lizard!
The endoplasm quivers.
An endoplasm is nearby!
You are too depleted to draw on your mana recklessly!
An endoplasm is nearby!
You are too depleted to draw on your mana recklessly!
An endoplasm is nearby!
The endoplasm freezes you.
You are frozen.
* * * LOW HITPOINT WARNING * * *
You are too injured to fight recklessly!
You are too injured to fight recklessly!
An endoplasm is nearby!
You are too injured to fight recklessly!
You are too injured to fight recklessly!
An endoplasm is nearby!
You are too injured to fight recklessly!
Casting: Magic Dart (safe; 12% risk of failure)
Confirm with . or Enter, or press ? or * to list all spells.
You don't have enough magic to cast this spell.
Unknown command.
Unknown command.
Casting: Magic Dart (safe; 12% risk of failure)
Confirm with . or Enter, or press ? or * to list all spells.
You don't have enough magic to cast this spell.
Unknown command.
You completely miss the endoplasm. Your squeeze misses the endoplasm.
The endoplasm hits you.
You die...

# # .... ...# ## ....
..# .# ..... ..#### .#
###.. #.... .# #G#...
#..#### .#
###...###..+..#
########........†...##.#
#......... #J@..(##.#
#.#######.
#.....†..#########
..#######
####>.†.†........#
#.......#
###.###########.#
#######.# ...........#
#.# #.####
###.##..##.####.# #....#
#.##..##.#..#.# ####.#
#.....##.#..#.#
#.###########.#..#..#.#


You could see a floating eye and an endoplasm.

Vanquished Creatures
  2 hobgoblins (D:1)
  A frilled lizard (D:1)
  A rat (D:1)
4 creatures vanquished.

Notes
Turn   | Place    | Note
-------+----------+-------------------------------------------
     0 | D:1      | Atelerd the Octopode Hedge Wizard began the quest for the
                  | Orb.
     0 | D:1      | Reached XP level 1. HP: 11/11 MP: 4/4
   151 | D:1      | Noticed a floating eye
   153 | D:1      | Slain by an endoplasm

Illustrated notes

Levels and vault maps discovered:
D:1:      dpeg_arrival_three_bigger_balls, layout_basic,
          hellmonk_ecumenical_altar_watching_god, minmay_pentomino_z2

Action                   || total
-------------------------++-------
Melee: Dagger            ||     7
       Constrict         ||     2
 Cast: Magic Dart        ||     6
Dodge: Dodged            ||     6
